 Dungeon Crawl Stone Soup version 0.18.1-50-g88ac8fd (webtiles) character file.

114 Poky the Shield-Bearer (level 4, 0/41 HPs)
             Began as a Minotaur Fighter on Oct 1, 2016.
             Was an Initiate of Elyvilon.
             Slain by an orc priest
             ... wielding a +0 mace
              (4 damage)
             ... on level 3 of the Dungeon.
             The game lasted 00:33:37 (1818 turns).

Poky the Shield-Bearer (Minotaur Fighter)           Turns: 1818, Time: 00:33:37

Health: 0/41       AC:  7    Str: 26    XL:     4   Next: 66%
Magic:  3/3        EV:  8    Int:  5    God:    Elyvilon [......]
Gold:   77         SH: 10    Dex: 10    Spells: 0 memorised, 3 levels left

rFire  . . .     SeeInvis .     h - +0 war axe
rCold  . . .     Gourm    .     b - +0 scale mail
rNeg   . . .     Faith    .     c - +0 shield
rPois  .         Spirit   .     (helmet restricted)
rElec  .         Dismiss  .     (no cloak)
rCorr  .         Reflect  .     (no gloves)
SustAt .         Harm     .     (no boots)
MR     .....                    (no amulet)
Stlth  ..........               (no ring)
                                (no ring)

@: mighty, slowed, very slow, not resistant to hostile enchantments, extremely
unstealthy
A: retaliatory headbutt, horns 2
a: Renounce Religion


You were on level 3 of the Dungeon.
You worshipped Elyvilon.
Elyvilon was noncommittal.
You were not hungry.

You visited 1 branch of the dungeon, and saw 3 of its levels.

You collected 77 gold pieces.

Inventory:

Hand Weapons
 a - a +0 hand axe
 h - a +0 war axe (weapon)
 o - a +0 dagger of flaming
Armour
 b - a +0 scale mail (worn)
 c - a +0 shield (worn)
Jewellery
 l - an uncursed ring of ice {unknown}
Scrolls
 e - 2 scrolls of remove curse {unknown}
 j - a scroll of fear {unknown}
 k - 2 scrolls of identify {unknown}
Potions
 m - a potion of invisibility {unknown}
 n - a potion of degeneration {unknown}
 p - a potion of lignification {unknown}
Comestibles
 f - 2 bread rations
 g - a beef jerky
 i - 3 meat rations
 q - 2 chunks of flesh


   Skills:
 + Level 4.5 Fighting
 + Level 3.0 Axes
 + Level 4.5 Armour
 + Level 1.0 Dodging
 + Level 0.1 Stealth
 + Level 4.6 Shields


You had 3 spell levels left.
You didn't know any spells.

Dungeon Overview and Level Annotations

Branches:
Dungeon (3/15)

Altars:
Elyvilon


Innate Abilities, Weirdness & Mutations

You reflexively headbutt those who attack you in melee.
You have a pair of horns on your head.


Message History

The orc wizard blinks!
The orc wizard hits you with a dagger.
The orc wizard casts a spell.
The orc wizard blinks!
The orc hits you but does no damage. The orc barely misses you.
The orc priest calls down the wrath of Beogh upon you.
Beogh smites you! The orc closely misses you. You furiously retaliate!
You headbutt the orc. The orc barely misses you.
The orc priest calls down the wrath of Beogh upon you.
Beogh smites you!
* * * LOW HITPOINT WARNING * * *
You block the orc's attack. The orc hits you with a club.
* * * LOW HITPOINT WARNING * * *
Drink which item? (? for menu, Esc to quit)
You feel very mighty all of a sudden.
The orc hits you from afar with a trident.
* * * LOW HITPOINT WARNING * * *
The orc priest hits you with a mace.
You die...

### #... ############ ####....
#..........# ##.>.....
#..........###........ ####
#....@oo..(##........(
....####....oor((..#.........
..........oo.....)......... ##
#..#.....................
...###.#).....................
........)†.........#.........#
...##...#..........##.........
........####.....####.........
....#...## #..##... #.........


You could see an orc priest, an orc wizard, 4 orcs and a rat.

Vanquished Creatures
  3 adders
  2 worms (D:2)
  3 dart slugs
  2 giant geckos (D:3)
  2 orcs (D:3)
  4 giant cockroaches
  13 goblins
  10 hobgoblins
  A jackal (D:1)
  7 kobolds
  2 quokkas
  4 bats (D:1)
  6 giant newts
  9 rats
68 creatures vanquished.

Notes
Turn   | Place    | Note
--------------------------------------------------------------
     0 | D:1      | Poky the Minotaur Fighter began the quest for the Orb.
     0 | D:1      | Reached XP level 1. HP: 19/19 MP: 0/0
   233 | D:1      | Reached XP level 2. HP: 27/27 MP: 1/1
   527 | D:1      | Reached XP level 3. HP: 29/33 MP: 2/2
  1228 | D:2      | Found a white marble altar of Elyvilon.
  1236 | D:2      | Became a worshipper of Elyvilon the Healer
  1299 | D:2      | Reached XP level 4. HP: 41/41 MP: 3/3
  1768 | D:3      | Reached skill level 1 in Dodging
  1818 | D:3      | Slain by an orc priest

Skill      XL: |  1  2  3  4 |
---------------+-------------+-----
Fighting       | 4 |  4.5
Armour         | 4 |  4.5
Shields        | 4 |  4.6
Axes           | 3 |  3.0
Dodging        | 1 |  1.0
Stealth        | |  0.1

Action                   |  1- 3 |  4- 6 || total
-------------------------+-------+-------++-------
Melee: Hand axe          |    19 |       ||    19
       War axe           |    85 |    36 ||   121
       Headbutt          |    14 |     6 ||    20
       Dagger            |       |     1 ||     1
  Use: Potion            |       |     1 ||     1
  Eat: Chunk             |     1 |     2 ||     3
Armor: Scale mail        |    37 |    22 ||    59
Dodge: Dodged            |    28 |    32 ||    60
Block: Shield            |    39 |    20 ||    59
